 Dungeon Crawl Stone Soup version 0.22.1-2-g9c5b331 (webtiles) character file.

256 LORDOFBUTT the Skirmisher (level 5, 0/72 HPs)
             Began as a Minotaur Berserker on Nov 23, 2018.
             Was a Priest of Trog.
             Engulfed by a cloud of freezing vapour (18 damage)
             ... on level 3 of the Dungeon.
             The game lasted 00:02:42 (2323 turns).

LORDOFBUTT the Skirmisher (Minotaur Berserker)      Turns: 2323, Time: 00:02:43

Health: 0/72       AC:  7    Str: 28    XL:     5   Next: 92%
Magic:  4/4        EV: 12    Int:  4    God:    Trog [***...]
Gold:   233        SH:  0    Dex:  9    Spells: 4/4 levels left

rFire    . . .     SeeInvis .   a - +0 hand axe
rCold    . . .     Gourm    .   (no shield)
rNeg     . . .     Faith    .   i - +0 ring mail
rPois    .         Spirit   .   (helmet restricted)
rElec    .         Reflect  .   (no cloak)
rCorr    .         Harm     .   (no gloves)
MR       .....                  h - +0 pair of boots
Stlth    ..........             (no amulet)
HPRegen  0.22/turn              (no ring)
MPRegen  0.09/turn              (no ring)

@: berserking, very quick
A: retaliatory headbutt, horns 2
a: Berserk, Trog's Hand, Renounce Religion


You were on level 3 of the Dungeon.
You worshipped Trog.
Trog was most pleased with you.
You were not hungry.

You visited 1 branch of the dungeon, and saw 3 of its levels.

You collected 233 gold pieces.

Inventory:

Hand Weapons
 a - a +0 hand axe (weapon)
Armour
 h - a +0 pair of boots (worn)
 i - a +0 ring mail (worn)
Scrolls
 f - a scroll of teleportation {unknown}
 j - a scroll of immolation {unknown}
Potions
 b - a potion of agility {unknown}
 d - 4 potions of lignification
 e - 3 potions of curing {unknown}
 g - a potion of haste {unknown}
Comestibles
 c - 4 rations


   Skills:
 + Level 5.1 Fighting
 + Level 5.1 Axes
 + Level 4.2 Armour
 + Level 3.7 Dodging


You had 4 spell levels left.
You didn't know any spells.
Your spell library was empty.

Dungeon Overview and Level Annotations

Branches:
Dungeon (3/15)

Altars:
Fedhas
Makhleb


Innate Abilities, Weirdness & Mutations

You reflexively headbutt those who attack you in melee.
You have a pair of horns on your head.


Message History

No reachable target in view!
Really walk into that cloud of freezing vapour? [Y]es or [N]o only, please.
Really walk into that cloud of freezing vapour?
You are engulfed in freezing vapours.
Markfukenni's ghost hits you.
There is an open gate here.
You hit markfukenni's ghost. You headbutt markfukenni's ghost.
Markfukenni's ghost is moderately damaged.
You are engulfed in freezing vapours.
You slice markfukenni's ghost!!
Markfukenni's ghost is almost destroyed.
You are engulfed in freezing vapours.
Markfukenni's ghost hits you.
* * * LOW HITPOINT WARNING * * *
You slash markfukenni's ghost!
You destroy markfukenni's ghost!
Trog accepts your kill.
Your Fighting skill increases to level 5!
Your Axes skill increases to level 5!
Your Armour skill increases to level 4!
You are engulfed in freezing vapours.
You die...

#.....# ##############..(.##
#.....# ##(#...# #.....# #.......
#.....# #..#.(.. #.....# #.....#.
#.....## ########..##.#. #......#
##########......#..##...
#......###...............'.......
+......##..###''@###.....#.##....
#......##.##.......##....#.##....
#.......).#.........##...#.##....
#######.)##..........#..........[
#..#...####....##..#####.).
#######.##..##?(###...#..# #.....
........#..# %....##..#..# #.##(#
######..#..# ..=...#..#..# #.##.#
#..#..# .....#..##.# #..(..


There were no monsters in sight!

Vanquished Creatures
  The ghost of markfukenni the Covered, an amateur GrFi (D:3)
  A gnoll (D:1)
  5 adders
  2 worker ant simulacra (D:3)
  An ooze (D:3)
  4 worms
  2 dart slugs
  2 adder simulacra (D:3)
  3 leopard geckos
  6 orcs (D:3)
  2 giant cockroaches
  12 hobgoblins
  6 jackals (D:3)
  A quokka (D:2)
  A ball python (D:1)
  6 bats
  6 frilled lizards
  A giant cockroach simulacrum (D:3)
  6 goblins
  A jackal simulacrum (D:3)
  6 kobolds
  A quokka simulacrum (D:3)
  13 rats
89 creatures vanquished.

Notes
Turn   | Place    | Note
-------+----------+-------------------------------------------
     0 | D:1      | LORDOFBUTT the Minotaur Berserker began the quest for the
                  | Orb.
     0 | D:1      | Reached XP level 1. HP: 19/19 MP: 0/0
   187 | D:1      | Reached XP level 2. HP: 25/27 MP: 1/1
   609 | D:2      | Reached XP level 3. HP: 33/33 MP: 2/2
   641 | D:2      | Reached ** piety under Trog
   913 | D:2      | Reached XP level 4. HP: 25/41 MP: 3/3
  1392 | D:2      | Found a blossoming altar of Fedhas.
  1393 | D:2      | Found a burning altar of Makhleb.
  1611 | D:3      | Reached *** piety under Trog
  1611 | D:3      | Reached XP level 5. HP: 30/47 MP: 4/4
  1637 | D:3      | Found a runed gate.
  1637 | D:3      | Found a runed gate.
  1637 | D:3      | Found a runed gate.
  1919 | D:3      | Noticed markfukenni's ghost (amateur GrFi)
  2323 | D:3      | Killed markfukenni's ghost
  2323 | D:3      | Reached skill level 5 in Fighting
  2323 | D:3      | Reached skill level 5 in Axes
  2323 | D:3      | Engulfed by a cloud of freezing vapour

Skill      XL: |  1  2  3  4  5 |
---------------+----------------+-----
Fighting       | 4 5 |  5.1
Axes           | 4 5 |  5.1
Armour         | 3 4 |  4.2
Dodging        | 3 |  3.7

Action                   |  1- 3 |  4- 6 || total
-------------------------+-------+-------++-------
Melee: Hand axe          |    81 |   105 ||   186
       Headbutt          |     6 |    18 ||    24
Invok: Berserk           |       |     1 ||     1
  Use: Scroll            |     1 |     1 ||     2
  Eat: Chunk             |       |     4 ||     4
       Ration            |       |     1 ||     1
Armor: Animal skin       |     6 |       ||     6
       Ring mail         |    22 |    23 ||    45
Dodge: Dodged            |    48 |    84 ||   132
